 Dungeon Crawl Stone Soup version 0.27-a0-1200-g94dc6ad4cf (webtiles) character file.

Game seed: 13677022452059002408

758 senseless the Covert (level 7, -2/48 HPs)
             Began as an Octopode Brigand on May 31, 2021.
             Was a Follower of Dithmenos.
             Slain by a steam dragon (4 damage)
             ... on level 5 of the Dungeon.
             The game lasted 00:10:18 (4649 turns).

senseless the Covert (Octopode Brigand)             Turns: 4649, Time: 00:10:19

Health: -2/48      AC:  1    Str: 12    XL:     7   Next: 80%
Magic:  7/7        EV: 14    Int: 13    God:    Dithmenos [*.....]
Gold:   196        SH:  0    Dex: 14    Spells: 6/6 levels left

rFire    + . .     SeeInvis .   o - +3 dagger (flame)
rCold    . . .     Faith    +   (no shield)
rNeg     . . .     Spirit   .   (helmet restricted)
rPois    .         Reflect  .   f - amulet of faith
rElec    .         Harm     .   d - ring of protection from fire
rCorr    .         Rampage  .   (no ring)
Will     .....                  (no ring)
Stlth    ++++++....             (no ring)
HPRegen  0.16/turn              (no ring)
MPRegen  0.10/turn              (no ring)
                                (no ring)
                                (no ring)

@: wreathed by umbra
A: almost no armour, amphibious, 8 rings, camouflage 1, gelatinous body 1,
(nimble swimmer 1), tentacles
a: Renounce Religion


You were on level 5 of the Dungeon.
You worshipped Dithmenos.
Dithmenos was aware of your devotion.
You visited 1 branch of the dungeon, and saw 5 of its levels.

You collected 196 gold pieces.

Inventory:

Hand Weapons
 a - a +2 vampiric dagger
 g - a +2 dagger of venom
 o - a +3 dagger of flaming (weapon)
Missiles
 b - 44 poisoned darts (quivered)
 c - 2 curare-tipped darts
 m - 11 boomerangs
Armour
 j - a +0 buckler
Magical Staves
 k - a staff of air
 p - a staff of conjuration
Jewellery
 d - a ring of protection from fire (left tentacle)
 f - an amulet of faith (around mantle)
 q - an amulet of magic regeneration
Scrolls
 h - a scroll of teleportation {unknown}
 i - 2 scrolls of blinking
Potions
 e - a potion of might
 l - 4 potions of lignification
 n - a potion of attraction


   Skills:
 + Level 4.0 Fighting
 + Level 4.1 Short Blades
 + Level 3.9 Throwing
 + Level 3.3 Dodging
 + Level 8.3 Stealth


You had 6 spell levels left.
You didn't know any spells.
Your spell library contained the following spells:

 Spells                   Type           Power      Damage    Failure   Level
 Animate Skeleton         Necr           0%         N/A       30%         1
 Apportation              Tloc           0%         N/A       30%         1
 Corona                   Hex            0%         N/A       30%         1
 Freeze                   Ice            0%         1d3       30%         1
 Pain                     Necr           0%         1d4       30%         1
 Summon Small Mammal      Summ           0%         N/A       30%         1
 Frozen Ramparts          Ice            0%         1d2       67%         3
 Ozocubu's Armour         Ice            0%         N/A       67%         3
 Vampiric Draining        Necr           0%         2d6       67%         3
 Animate Dead             Necr           0%         N/A       97%         4
 Hailstorm                Conj/Ice       0%         3d3       97%         4
 Agony                    Necr           0%         N/A       100%        5
 Metabolic Englaciation   Hex/Ice        0%         N/A       100%        5


Dungeon Overview and Level Annotations

Branches:
Dungeon (5/15)
 Temple: D:4-7

Altars:
Dithmenos
Elyvilon
Sif Muna
Wu Jian


Innate Abilities, Weirdness & Mutations

You cannot wear most types of armour.
You are amphibious.
You can wear up to eight rings at the same time.
Your skin changes colour to match your surroundings (Stealth+).
Your rubbery body absorbs attacks. (AC +1, EV +1)
((You are camouflaged near water. (Stealth+)))
You have tentacles for arms and can constrict up to eight enemies at once.


Message History

You hit Prince Ribbit. You burn Prince Ribbit. You grab Prince Ribbit.
Prince Ribbit is severely wounded.
You constrict Prince Ribbit. Prince Ribbit hits you!
You hit Prince Ribbit. You burn Prince Ribbit.
You kill Prince Ribbit!
Dithmenos accepts your kill.
Your Fighting skill increases to level 4!
Your Short Blades skill increases to level 4!
The steam dragon bites you. The steam dragon misses you.
You hit the steam dragon but do no damage.
You squeeze the steam dragon!
The steam dragon is moderately wounded.
You hit the steam dragon but do no damage.
You squeeze the steam dragon.
The steam dragon is heavily wounded.
The steam dragon barely misses you. The steam dragon closely misses you.
You hit the steam dragon but do no damage.
The steam dragon is heavily wounded.
You barely miss the steam dragon. Your squeeze misses the steam dragon.
The steam dragon is heavily wounded.
The steam dragon breathes steam at you. The ball of steam hits you. You resist.
You hit the steam dragon. You burn the steam dragon.
The steam dragon is severely wounded.
The steam dragon bites you.
* * * LOW HITPOINT WARNING * * *
The steam dragon barely misses you. The steam dragon breathes steam at you.
The ball of steam hits you. You resist.
* * * LOW HITPOINT WARNING * * *
Okay, then.
You hit the steam dragon but do no damage.
You squeeze the steam dragon.
The steam dragon is severely wounded.
The steam dragon bites you.
* * * LOW HITPOINT WARNING * * *
The steam dragon claws you.
* * * LOW HITPOINT WARNING * * *
The steam dragon barely misses you. The steam dragon claws you.
You die...

#....# # #.$
#....#D# #..
#..#.#= #.. .....
#.. #.#§# .
..###.#§######
...###.#§..........
#......#D#########.
#..@§.§...#
#.##§####.# #
#§##.#.#
#.##....#.#
#.#####.#.#
#.#.###.#.#
#.#...#.#.#
#.#.#.#.#.# #######
#.#.#.#.#.#


You could see a steam dragon.

Vanquished Creatures
  Prince Ribbit (D:5)
  A phantom (D:4)
  Blork the orc (D:4)
  2 scorpions
  A water moccasin skeleton (D:5)
  A bullfrog zombie (D:5)
  2 orc priests (D:4)
  A jelly (D:4)
  An iguana (D:5)
  Terence (D:3)
  2 orc wizards (D:4)
  3 adders
  10 orcs
  5 bats
  7 endoplasms
  5 giant cockroaches
  5 goblins
  4 hobgoblins
  13 jackals
  6 kobolds
  8 quokkas
  7 ball pythons
  6 frilled lizards
  5 rats
98 creatures vanquished.

Notes
Turn   | Place    | Note
-------+----------+-------------------------------------------
     0 | D:1      | senseless the Octopode Brigand began the quest for the Orb.
     0 | D:1      | Reached XP level 1. HP: 14/14 MP: 1/1
   314 | D:1      | Reached XP level 2. HP: 15/19 MP: 2/2
   773 | D:1      | Reached skill level 6 in Stealth
   807 | D:1      | Reached XP level 3. HP: 25/25 MP: 3/3
  1883 | D:2      | Reached XP level 4. HP: 30/30 MP: 4/4
  2290 | D:3      | Found a shadowy altar of Dithmenos.
  2310 | D:3      | Became a worshipper of Dithmenos the Shadowed
  2325 | D:3      | Found a white marble altar of Elyvilon.
  2327 | D:3      | Found an ornate altar of the Wu Jian Council.
  2331 | D:3      | Found a shimmering blue altar of Sif Muna.
  2593 | D:3      | Noticed Terence
  2595 | D:3      | Killed Terence
  2596 | D:3      | Reached skill level 7 in Stealth
  2596 | D:3      | Reached XP level 5. HP: 35/35 MP: 5/5
  3388 | D:4      | Reached XP level 6. HP: 42/42 MP: 6/6
  3942 | D:4      | Noticed Blork the orc
  3947 | D:4      | Killed Blork the orc
  3948 | D:4      | Reached XP level 7. HP: 46/46 MP: 7/7
  4193 | D:4      | Reached * piety under Dithmenos
  4461 | D:5      | Entered Level 5 of the Dungeon
  4467 | D:5      | Reached skill level 8 in Stealth
  4629 | D:5      | Noticed Prince Ribbit
  4632 | D:5      | Noticed a steam dragon
  4640 | D:5      | Killed Prince Ribbit
  4648 | D:5      | HP: 2/48 [steam dragon (4)]
  4649 | D:5      | Slain by a steam dragon

Illustrated notes

Levels and vault maps discovered:
D:1:      scummos_arrival_checkerplants, layout_loops_cross,
          serial_park_tiny_pond, minmay_tromino_i2
D:2:      layout_basic, corexii_corridor_pit,
          wander_ebering_terrifying_dragon_lair
D:3:      layout_basic, lemuel_crystal_altar, minitemple,
          kennysheep_generic_room_15, uniq_terence
D:4:      layout_loops_corners, uniq_blork_the_orc
D:5:      layout_basic, uniq_prince_ribbit1

Skill      XL: |  1  2  3  4  5  6  7 |
---------------+----------------------+-----
Stealth        | 6 7 8 |  8.3
Fighting       | 3 4 |  4.0
Short Blades   | 3 4 |  4.1
Dodging        | 2 3 |  3.3
Throwing       | 3 |  3.9

Action                   |  1- 3 |  4- 6 |  7- 9 || total
-------------------------+-------+-------+-------++-------
Melee: Dagger            |    70 |    61 |    31 ||   162
       Constrict         |    18 |     9 |     7 ||    34
       Tentacles         |    11 |     8 |     9 ||    28
Throw: Dart              |       |    25 |     4 ||    29
  Use: Scroll            |     2 |     3 |     1 ||     6
 Stab: Sleeping          |    21 |    17 |     3 ||    41
       Distracted        |     1 |       |       ||     1
Armor: Skin              |     6 |       |       ||     6
Dodge: Dodged            |    27 |    13 |    15 ||    55

Table legend: (Time is in decaauts)
 A = Elapsed time spent in this place.
 B = Non-inter-level travel time spent in this place.
 C = Inter-level travel time spent in this place.
 D = Time resting spent in this place.
 E = Time spent auto-exploring this place.
 F = Levels seen in this place.
 G = Mean time per level.
                   A        B        C        D        E       F      G
               +--------+--------+--------+--------+--------+-----+--------+
         Total |   4620 |   4532 |     88 |    407 |   3539 |   5 |  924.0 |
       Dungeon |   4620 |   4532 |     88 |    407 |   3539 |   5 |  924.0 |
               +--------+--------+--------+--------+--------+-----+--------+

Top non-repeatable levels by time:
     D:4: 1680 daAuts
     D:2: 1162 daAuts
     D:1: 1083 daAuts
     D:3: 509 daAuts
     D:5: 183 daAuts
